 Dungeon Crawl Stone Soup version 0.22-a0-515-g75794bf (webtiles) character file.

2935 pk666 the Thaumaturge (level 9, 0/67 HPs)
             Began as a Deep Elf Fire Elementalist on June 20, 2018.
             Was a Follower of Vehumet.
             Succumbed to a hornet's poison
             ... on level 7 of the Dungeon.
             The game lasted 00:23:34 (7876 turns).

pk666 the Thaumaturge (Deep Elf Fire Elementalist)  Turns: 7876, Time: 00:23:35

Health: 0/67       AC: 24    Str:  5    XL:     9   Next: 51%
Magic:  3/24       EV:  2    Int: 24    God:    Vehumet [*.....]
Gold:   294        SH:  0    Dex: 20    Spells: 13/27 levels left

rFire    . . .     SeeInvis .   (no weapon)
rCold    . . .     Gourm    +   (no shield)
rNeg     + + +     Faith    .   (armour currently unavailable)
rPois    +         Spirit   .   (helmet currently unavailable)
rElec    .         Reflect  .   (cloak currently unavailable)
rCorr    .         Harm     .   (gloves currently unavailable)
MR       .....     NoTele   +   (boots currently unavailable)
Stlth    +++.......             v - amulet of the gourmand
HPRegen  0.21/turn              (no ring)
MPRegen  0.19/turn              (no ring)

@: agile, lethally poisoned (0 -> -9), tree-form, slowed, very slow
A: no striking features
a: Renounce Religion


You were on level 7 of the Dungeon.
You worshipped Vehumet.
Vehumet was aware of your devotion.
You were very full.
You were a tree.
You visited 1 branch of the dungeon, and saw 7 of its levels.

You collected 294 gold pieces.

Inventory:

Armour
 a - a +0 robe (melded)
Magical Staves
 F - an uncursed staff of energy {unknown}
Jewellery
 v - an amulet of the gourmand (around neck)
Wands
 t - a wand of iceblast (9)
 w - a wand of disintegration (11)
 z - a wand of acid (9)
 E - a wand of digging (10)
Scrolls
 e - 6 scrolls of identify
 g - a scroll of summoning {unknown}
 j - a scroll of fear {unknown}
 k - a scroll of enchant weapon
 l - 3 scrolls of remove curse
 p - a scroll of noise {unknown}
 q - 2 scrolls of immolation {unknown}
 r - 3 scrolls of magic mapping {unknown}
 s - a scroll of amnesia {unknown}
 u - 3 scrolls of teleportation {unknown}
 y - 2 scrolls of random uselessness {unknown}
 D - a scroll of blinking {unknown}
 H - a scroll of fog {unknown}
Potions
 b - a potion of agility
 d - a potion of haste {unknown}
 h - 2 potions of mutation {unknown}
 i - 2 potions of flight
 m - a potion of berserk rage {unknown}
 n - 2 potions of ambrosia
 o - a potion of might {unknown}
 x - 2 potions of curing {unknown}
 B - 2 potions of resistance {unknown}
 C - a potion of degeneration {unknown}
 G - a potion of heal wounds {unknown}
Comestibles
 c - 12 rations
 A - 3 chunks of flesh


   Skills:
 - Level 2.4 Dodging
 - Level 2.4 Stealth
 + Level 9.6 Spellcasting
 + Level 9.5 Conjurations
 + Level 8.4 Fire Magic


You had 13 spell levels left.
You knew the following spells:

 Your Spells              Type           Power        Failure   Level  Hunger
a - Flame Tongue          Conj/Fire      #####        1%          1    None
b - Sticky Flame          Conj/Fire      ######..     1%          4    #......
c - Conjure Flame         Conj/Fire      ######..     1%          3    None
e - Apportation           Tloc           ##....       5%          1    None
z - Fireball              Conj/Fire      ######....   3%          5    ####...

Your spell library contained the following spells:

 Spells                   Type           Power        Failure   Level  Hunger
 Throw Flame              Conj/Fire      ######       1%          2    None
 Summon Small Mammal      Summ           ##..         5%          1    None
 Animate Skeleton         Necr           N/A          5%          1    None
 Confusing Touch          Hex            ##....       5%          1    None
 Inner Flame              Hex/Fire       ####....     3%          3    None


Dungeon Overview and Level Annotations

Branches:
Dungeon (7/15)
 Temple: D:4-7

Altars:
Ashenzari
Dithmenos
Elyvilon
Fedhas
Kikubaaqudgha
Nemelex Xobeh
Okawaru
Vehumet
Xom

Shops:
D:7 %

Annotations:
D:6 1 runed door, ThisFiasco's ghost, novice DDFi


Message History

You feel as though you will be slow longer.
The hound bites you.
You feel sick. The hound bites you. The hornet completely misses you.
The hound misses you. The hornet misses you.
You feel sick. The hound closely misses you. The hound bites you.
The hornet stings you!
* * * LOW HITPOINT WARNING * * *
You are more poisoned.
You feel as though you will be slow longer.
You turn into a tree.
Your +0 robe melds into your body.
Your roots penetrate the ground.
* * * LOW HITPOINT WARNING * * *
You feel sick. The hound bites you.
* * * LOW HITPOINT WARNING * * *
The hornet stings you but does no damage.
The hound bites you but does no damage.
The hornet stings you but does no damage.
It was a potion of agility.
You feel agile all of a sudden.
You die...

##.########.# ###.#.#.
.........##.# #...#.#.
#.##.....#.# #.###.#.
#.#........####.###.#.
#.####..........#........#.
#...............#.#####..#.
#.####.##.......# #..#.
#.####.###hy.#.... #....
##.....))..♣..#.##.# #.#..
[...?.........#.#
.#####.#..
.......$........#
..........
##.####.#.##..#.# #........
.. #.........####........ .
###.#..............<..
#.#....### #........ #<...#
#........ #O...# #........


You could see a hornet and a hound.

Vanquished Creatures
  A two-headed ogre (D:6)
  A hippogriff (D:7)
  An orc warrior (D:6)
  An ice beast (D:5)
  2 ogres
  3 centaurs
  3 bullfrogs (D:6)
  A gnoll sergeant (D:7)
  4 scorpions
  2 howler monkeys (D:4)
  A bullfrog zombie (D:7)
  6 hounds
  A jelly (D:5)
  A bullfrog skeleton (D:6)
  A centaur skeleton (D:6)
  An orc priest (D:5)
  5 orc wizards
  4 worker ants
  The ghost of Amnesiac the Ducker, a weakling SpMo (D:5)
  A hound skeleton (D:4)
  14 gnolls
  10 adders
  A shadow imp (D:6)
  2 oozes
  2 adder skeletons
  An adder zombie (D:6)
  4 worms
  3 dart slugs
  5 leopard geckos
  20 orcs
  4 ball pythons
  6 giant cockroaches
  7 goblins
  5 hobgoblins
  13 jackals
  8 kobolds
  3 quokkas
  9 bats
  6 frilled lizards
  A jackal skeleton (D:4)
  A leopard gecko skeleton (D:5)
  7 rats
173 creatures vanquished.

Notes
Turn   | Place    | Note
-------+----------+-------------------------------------------
     0 | D:1      | pk666 the Deep Elf Fire Elementalist began the quest for the Orb.
     0 | D:1      | Reached XP level 1. HP: 10/10 MP: 6/6
    74 | D:1      | Reached XP level 2. HP: 6/15 MP: 2/8
   530 | D:1      | Reached XP level 3. HP: 15/19 MP: 1/10
  1590 | D:2      | Found a shattered altar of Ashenzari.
  1596 | D:2      | Reached XP level 4. HP: 19/24 MP: 4/11
  1788 | D:2      | Found a white marble altar of Elyvilon.
  1906 | D:2      | Found a shimmering altar of Xom.
  2239 | D:3      | Reached XP level 5. HP: 11/28 MP: 6/13
  2424 | D:3      | Learned a level 4 spell: Sticky Flame
  2428 | D:3      | Learned a level 3 spell: Conjure Flame
  2930 | D:3      | Found a shadowy altar of Dithmenos.
  3228 | D:4      | Reached XP level 6. HP: 32/32 MP: 6/15
  3358 | D:4      | Reached skill level 5 in Spellcasting
  3358 | D:4      | Reached skill level 5 in Conjurations
  3426 | D:4      | Reached skill level 5 in Fire Magic
  3621 | D:4      | Reached XP level 7. HP: 30/36 MP: 15/17
  4081 | D:4      | Found an iron altar of Okawaru.
  4205 | D:4      | Found a blossoming altar of Fedhas.
  4510 | D:5      | Entered Level 5 of the Dungeon
  4868 | D:5      | Found a radiant altar of Vehumet.
  4919 | D:5      | Became a worshipper of Vehumet
  4981 | D:5      | Found an ancient bone altar of Kikubaaqudgha.
  5112 | D:5      | Reached XP level 8. HP: 41/41 MP: 15/20
  5685 | D:5      | Found a runed door.
  5685 | D:5      | Noticed Amnesiac's ghost (weakling SpMo)
  5700 | D:5      | Killed Amnesiac's ghost
  5915 | D:6      | Got a crude falchion
  5916 | D:6      | Identified the cursed +1 falchion of an ossuary {drain, *Rage +Rage rN+} (You found it on level 6 of the Dungeon)
  5925 | D:6      | Learned a level 5 spell: Fireball
  5955 | D:6      | Noticed a two-headed ogre
  5969 | D:6      | Killed a two-headed ogre
  5969 | D:6      | Reached XP level 9. HP: 45/45 MP: 4/23
  6297 | D:6      | Reached * piety under Vehumet
  6297 | D:6      | Offered knowledge of Sting by Vehumet.
  7261 | D:6      | Found a runed door.
  7262 | D:6      | Noticed ThisFiasco's ghost (novice DDFi)
  7274 | D:7      | Found a sparkling altar of Nemelex Xobeh.
  7597 | D:7      | Found Silen's Food Shop.
  7677 | D:7      | Learned a level 1 spell: Apportation
  7875 | D:7      | HP: 3/67 [poisoned by a hornet]
  7875 | D:7      | HP: 1/67 [hound (2)]
  7876 | D:7      | Succumbed to a hornet's poison

Vault maps used:
D:1:      eino_arrival_cavern_b
D:2:      old_standard_altar, marbit_many_paths, tgw_xom
D:3:      nicolae_overflow_hidden_temple
D:4:      nicolae_overflow_crystal_walls, first_ration, okawaru_gym_becter
D:5:      vehumet_crystals, kiku_gazebo_garden_becter, serial_glass,
          glass_columns_b, glass_columns_c, gammafunk_ghost_grave
D:6:      gammafunk_ghost_grave
D:7:      led_sif_pool, eat_drink_and_be_merry_uskayaw,
          overflow_temple_1_default, minmay_temple_entry_glass, serial_shops,
          kennysheep_mini

Skill      XL: |  1  2  3  4  5  6  7  8  9 |
---------------+----------------------------+-----
Conjurations   | 2 3 4 5 7 8 9 |  9.5
Spellcasting   | 4 5 6 8 9 |  9.6
Fire Magic     | 4 5 6 7 8 |  8.4
Dodging        | |  2.4
Stealth        | |  2.4

Action                   |  1- 3 |  4- 6 |  7- 9 || total
-------------------------+-------+-------+-------++-------
Melee: Unarmed           |       |     6 |    17 ||    23
 Cast: Flame Tongue      |    70 |   117 |   165 ||   352
       Conjure Flame     |       |     4 |    14 ||    18
       Sticky Flame      |       |     2 |    30 ||    32
       Fireball          |       |       |     4 ||     4
  Use: Potion            |       |     2 |     2 ||     4
       Scroll            |       |       |     4 ||     4
  Eat: Chunk             |     2 |     6 |    24 ||    32
       Ration            |       |       |     1 ||     1
Armor: Robe              |    10 |     5 |    14 ||    29
       Skin              |       |     5 |     3 ||     8
Dodge: Dodged            |    16 |    27 |    77 ||   120

Table legend:
 A = Spawn XP
 B = Non-spawn XP
 C = Spawn XP percentage of total XP
 D = Spawn monster count
 E = Non-spawn monster count
 F = Spawn count percentage of total count
 G = Total turns spent on level
                    A         B        C        D         E        F      G
               +---------+---------+-------+---------+---------+-------+---------
         Total |       0 |    4194 |   0.0 |       0 |     173 |   0.0 |  7876
               +---------+---------+-------+---------+---------+-------+---------
           D:1 |       0 |      69 |   0.0 |       0 |      35 |   0.0 |  1452
           D:2 |       0 |      62 |   0.0 |       0 |      18 |   0.0 |   617
           D:3 |       0 |     237 |   0.0 |       0 |      30 |   0.0 |  1151
           D:4 |       0 |     562 |   0.0 |       0 |      27 |   0.0 |  1353
           D:5 |       0 |     767 |   0.0 |       0 |      24 |   0.0 |  1273
           D:6 |       0 |    1751 |   0.0 |       0 |      24 |   0.0 |  1666
           D:7 |       0 |     746 |   0.0 |       0 |      15 |   0.0 |   364
               +---------+---------+-------+---------+---------+-------+---------
